 Dungeon Crawl Stone Soup version 0.29-a0-542-g075992c915 (webtiles) character file.

Game seed: 10718240894896916622

40 jlumianski the Skirmisher (level 3, -1/24 HPs)
             Began as a Gargoyle Fighter on June 4, 2022.
             Slain by Terence
             ... wielding a +0 mace
              (5 damage)
             ... on level 2 of the Dungeon.
             The game lasted 00:05:44 (1337 turns).

jlumianski the Skirmisher (Gargoyle Fighter)        Turns: 1337, Time: 00:05:45

Health: -1/24      AC: 13    Str: 27    XL:     3   Next: 50%
Magic:  3/3        EV:  8    Int:  8    God:
Gold:   127        SH:  4    Dex:  9    Spells: 2/2 levels left

rFire   . . .      SeeInvis .   a - +0 war axe
rCold   . . .      Faith    .   c - +0 buckler
rNeg    + . .      Spirit   .   h - +0 chain mail
rPois   ∞          Reflect  .   (no helmet)
rElec   +          Harm     .   l - +0 cloak
rCorr   .          Rampage  .   (no gloves)
Will    .....                   (no boots)
Stlth   ..........              (no amulet)
HPRegen 0.08/turn               e - +6 ring of strength
MPRegen 0.08/turn               (no ring)

@: no status effects
A: sickness immunity, AC +3, negative energy resistance 1, electricity
resistance, torment resistance 1, petrification resistance
a: no special abilities


You were on level 2 of the Dungeon.
You visited 1 branch of the dungeon, and saw 3 of its levels.

You collected 127 gold pieces.

Inventory:

Hand Weapons
 a - a +0 war axe (weapon)
 k - a +2 dagger of pain
 q - a +1 dagger of speed
Missiles
 f - 4 boomerangs (quivered)
 j - 78 stones
 n - 5 javelins
Armour
 b - a +0 scale mail
 c - a +0 buckler (worn)
 h - a +0 chain mail (worn)
 l - a +0 cloak (worn)
Jewellery
 e - a +6 ring of strength (left hand)
Scrolls
 g - a scroll of identify {unknown}
 i - a scroll of teleportation {unknown}
 o - a scroll of enchant weapon {unknown}
Potions
 d - 3 potions of might
 m - a potion of mutation {unknown}
 p - a potion of curing {unknown}


   Skills:
 + Level 3.8 Fighting
 + Level 2.2 Axes
 + Level 3.7 Armour
 + Level 0.1 Dodging
 + Level 3.6 Shields


You had 2 spell levels left.
You didn't know any spells.
Your spell library contained the following spells:

 Spells                   Type           Power      Damage    Failure   Level
 Beastly Appendage        Tmut           0%         N/A       98%         1
 Wereblood                Tmut           0%         N/A       99%         2
 Spider Form              Tmut/Pois      0%         N/A       100%        3


Dungeon Overview and Level Annotations

Branches:
Dungeon (3/15)

Altars:

Annotations:
D:2 Terence


Innate Abilities, Weirdness & Mutations

You are immune to sickness and miasma.
Your stone body is resilient. (AC +3)
You are immune to poison.
You resist negative energy. (rN+)
You are resistant to electric shocks. (rElec)
You are resistant to unholy torment.
You are immune to petrification.


Message History

You climb downwards.
Terence shouts!
Found four items.
There is a stone staircase leading up here.
Throw: 4 boomerangs
Press: ? - help, Q - select action, (/) - cycle Shift-Dir - straight line, f - Terence
Aim: Terence, wielding a +0 mace and wearing a +0 chain mail (62% to hit)
You throw a boomerang.
The boomerang completely misses Terence.
Throw: 4 boomerangs
Press: ? - help, Q - select action, (/) - cycle Shift-Dir - straight line, f/p - Terence
Aim: Terence, wielding a +0 mace and wearing a +0 chain mail (62% to hit)
You throw a boomerang.
The boomerang hits Terence but does no damage.
Terence hits you but does no damage.
You climb upwards.
There is a stone staircase leading down here.
You slash Terence!
Terence is heavily wounded.
Terence hits you with a +0 mace. Terence hits you but does no damage.
You barely miss Terence.
Terence is heavily wounded.
Terence hits you with a +0 mace!
* * * LOW HITPOINT WARNING * * *
You hit Terence.
Terence is heavily wounded.
Terence hits you but does no damage.
You hit Terence.
Terence is heavily wounded.
You block Terence's attack. Terence closely misses you.
You barely miss Terence.
Terence is heavily wounded.
Terence hits you but does no damage.
You hit Terence.
Terence is heavily wounded.
Terence misses you. Terence hits you but does no damage.
You hit Terence.
Terence is severely wounded.
Terence hits you with a +0 mace.
You die...

.......#####...............#
.............#..)......#...##
.>........######....#........
.......#...#...#.............
...................#........r
.....#...........).#.........
.....#.............##........
.............................
..<###.........@@............
#### ###.....................
#####.................
###...............
##..............
#..............
#...........### #......###
#......#


You could see Terence.

Vanquished Creatures
  7 bats
  5 endoplasms
  2 giant cockroaches (D:1)
  5 goblins
  A hobgoblin (D:2)
  3 quokkas (D:1)
  3 ball pythons (D:1)
  3 frilled lizards
  5 kobolds
  2 rats
36 creatures vanquished.

Notes
Turn   | Place    | Note
-------+----------+-------------------------------------------
     0 | D:1      | jlumianski the Gargoyle Fighter began the quest for the
                  | Orb.
     0 | D:1      | Reached XP level 1. HP: 14/14 MP: 1/1
    92 | D:1      | Reached XP level 2. HP: 14/19 MP: 2/2
   445 | D:1      | Found a faded altar of an unknown god.
   625 | D:1      | Reached XP level 3. HP: 22/24 MP: 3/3
  1322 | D:3      | Noticed Terence
  1337 | D:2      | Slain by Terence

Illustrated notes

Levels and vault maps discovered:
D:1:      lordsloth_arrival_two_stooges, layout_loops_ring,
          ebering_ecumenical_altar_box
D:2:      layout_rooms
D:3:      layout_basic, lemuel_doored_altar, uniq_terence

Skill      XL: |  1  2 |
---------------+-------+-----
Axes           | 2 |  2.2
Fighting       | |  3.8
Armour         | |  3.7
Dodging        | |  0.1
Shields        | |  3.6

Action                   || total
-------------------------++-------
Melee: War axe           ||    76
Throw: Boomerang         ||     2
Armor: Scale mail        ||    63
       Chain mail        ||    32
Dodge: Dodged            ||    54
Block: Buckler           ||    23

Table legend: (Time is in decaauts)
 A = Elapsed time spent in this place.
 B = Non-inter-level travel time spent in this place.
 C = Inter-level travel time spent in this place.
 D = Time resting spent in this place.
 E = Time spent auto-exploring this place.
 F = Levels seen in this place.
 G = Mean time per level.
                   A        B        C        D        E       F      G
               +--------+--------+--------+--------+--------+-----+--------+
         Total |   1372 |   1334 |     38 |      0 |    830 |   3 |  457.3 |
       Dungeon |   1372 |   1334 |     38 |      0 |    830 |   3 |  457.3 |
               +--------+--------+--------+--------+--------+-----+--------+

Top non-repeatable levels by time:
     D:1: 1113 daAuts
     D:2: 250 daAuts
     D:3: 8 daAuts
